 Dungeon Crawl Stone Soup version 0.29.1-12-g30fa7ad0bf (webtiles) character file.

Game seed: 7393968943601752095

18228 Radix the Destroyer (level 12, -2/71 HPs)
             Began as a Deep Elf Earth Elementalist on Dec 28, 2022.
             Was a Believer of Vehumet.
             Shot with an arrow by a centaur (9 damage)
             ... on level 11 of the Dungeon on Dec 29, 2022.
             The game lasted 01:38:01 (12328 turns).

Radix the Destroyer (Deep Elf Earth Elementalist)  Turns: 12328, Time: 01:38:01

Health: -2/71      AC:  9    Str:  5    XL:     12   Next: 25%
Magic:  22/29      EV: 13    Int: 26    God:    Vehumet [**....]
Gold:   309        SH:  0    Dex: 21    Spells: 22/33 levels left

rFire   . . .      SeeInvis .   v - +10 mace of Heruuklo {flame, rCorr Stlth+}
rCold   . . .      Faith    .   (no shield)
rNeg    . . .      Spirit   .   C - +2 robe {Archmagi}
rPois   .          Reflect  .   R - +2 hat {Stlth+}
rElec   .          Harm     .   (no cloak)
rCorr   +          Rampage  .   c - +2 pair of gloves
Will    +....      Archmagi +   (no boots)
Stlth   ++++......              O - amulet of magic regeneration
HPRegen 0.21/turn               G - +6 ring of dexterity
MPRegen 0.61/turn               (no ring)

@: no status effects
A: no striking features
a: Renounce Religion


You were on level 11 of the Dungeon.
You worshipped Vehumet.
Vehumet was pleased with you.
You visited 2 branches of the dungeon, and saw 12 of its levels.

You collected 808 gold pieces.
You spent 499 gold pieces at shops.

Inventory:

Hand Weapons
 l - the +7 rapier of Evil {flame, rElec rF- rCorr}
   (You found it on level 5 of the Dungeon)

   It burns those it strikes, dealing additional fire damage.
   rF:        It makes you vulnerable to fire.
   rElec:     It insulates you from electricity.
   rCorr:     It protects you from acid and corrosion.
 r - a +0 rapier
 v - the +10 mace of Heruuklo (weapon) {flame, rCorr Stlth+}
   (You took it off a goblin on level 3 of the Dungeon)

   It burns those it strikes, dealing additional fire damage.
   rCorr:     It protects you from acid and corrosion.
   Stlth:     It makes you more stealthy.
 y - a +1 quarterstaff
 D - a +0 triple sword
Missiles
 F - 2 throwing nets
Armour
 c - a +2 pair of gloves (worn)
 p - a +2 chain mail of fire resistance
 q - a +2 chain mail of cold resistance
 u - a +1 helmet
 C - a +2 robe of the Archmagi (worn)
 J - a +0 pair of gloves
 L - a +0 troll leather armour
 R - a +2 hat of stealth (worn)
 S - +0 acid dragon scales
Jewellery
 i - an amulet of regeneration
 G - a +6 ring of dexterity (left hand)
 H - an amulet of guardian spirit
 O - an amulet of magic regeneration (around neck)
 P - a ring of ice
 Q - an amulet of magic regeneration
Wands
 A - a wand of digging (4)
 I - a wand of roots (7)
Scrolls
 a - 2 scrolls of immolation
 k - 2 scrolls of amnesia
 n - a scroll of enchant weapon
 w - 4 scrolls of teleportation
 x - 3 scrolls of poison
 E - 5 scrolls of identify
 K - 2 scrolls of acquirement {unknown}
 M - 3 scrolls of butterflies
Potions
 b - 2 potions of magic
 d - 6 potions of might
 e - 3 potions of degeneration
 f - 9 potions of haste
 g - 3 potions of lignification
 h - 4 potions of brilliance
 j - 5 potions of curing
 m - a potion of resistance {unknown}
 o - a potion of mutation {unknown}
 t - 3 potions of flight {unknown}
 z - 4 potions of berserk rage
 B - 2 potions of ambrosia


   Skills:
 + Level 6.9 Fighting
 - Level 2.4 Dodging
 - Level 2.4 Stealth
 + Level 11.4 Spellcasting
 + Level 12.2 Conjurations
 - Level 1.1 Transmutations
 + Level 9.8 Ice Magic
 + Level 9.9 Earth Magic


You had 22 spell levels left.
You knew the following spells:

 Your Spells              Type           Power      Damage    Failure   Level
a - Sandblast             Erth           100%       2d20      1%          1
b - Stone Arrow           Conj/Erth      100%       3d13      1%          3
c - Passwall              Tmut/Erth      50%        N/A       1%          2
d - Freezing Cloud        Conj/Ice/Air   34%        6-21      5%          5

Your spell library contained the following spells:

 Spells                   Type           Power      Damage    Failure   Level
 Static Discharge         Conj/Air       63%        3-11/arc  1%          2
 Ozocubu's Armour         Ice            78%        N/A       1%          3
 Beastly Appendage        Tmut           60%        N/A       2%          1
 Mephitic Cloud           Conj/Pois/Air  52%        N/A       2%          3
 Wereblood                Tmut           30%        N/A       3%          2
 Petrify                  Tmut/Erth      60%        N/A       4%          4
 Spider Form              Tmut/Pois      26%        N/A       10%         3
 Ignite Poison            Fire/Tmut/Pois 25%        N/A       11%         3
 Metabolic Englaciation   Hex/Ice        28%        N/A       14%         5
 Simulacrum               Ice/Necr       28%        N/A       63%         6


Dungeon Overview and Level Annotations

Branches:
Dungeon (11/15)            Temple (1/1) D:6            Lair (0/5) D:11
    Orc (0/2) D:10

Altars:
Ashenzari
Cheibriados
Dithmenos
Elyvilon
Fedhas
Gozag
Hepliaklqana
Kikubaaqudgha
Makhleb
Nemelex Xobeh
Okawaru
Qazlal
Ru
Sif Muna
Trog
Uskayaw
Vehumet
Wu Jian
Xom
Yredelemnul
Zin
The Shining One

Shops:
D:2 !(*   D:7 *   D:10 *

Annotations:
D:8 1 runed translucent door, Radix's ghost, novice MiFi
D:9 1 runed translucent door


Message History

Aim: a cyclops, quivering large rocks (98% to hit)
You feel a surge of power!
The stone arrow hits the cyclops!!
The cyclops is heavily wounded.
Unknown command.
The cyclops throws a large rock.
The large rock hits you!!
You feel much better.
The cyclops throws a large rock.
The large rock closely misses you.
The cyclops throws a large rock.
The large rock hits you!!
* * * LOW HITPOINT WARNING * * *
A yak comes into view.
The yak bellows!
A deep elf pyromancer comes into view.
It is wielding a +0 long sword and wearing the ring of Qetic {Fly rC+ rN++ Dex+3 Stlth-}.
Casting: Stone Arrow (safe; 1% risk of failure)
Confirm with . or Enter, or press ? or * to list all spells.
Aiming: Freezing Cloud (dangerous; 5% risk of failure)
Press: ? - help, Dir - move target You feel a surge of power!
The yak gores you!
* * * LOW HITPOINT WARNING * * *
Casting: Freezing Cloud (dangerous; 5% risk of failure)
Confirm with . or Enter, or press ? or * to list all spells.
Aiming: Stone Arrow (safe; 1% risk of failure)
Press: ? - help, Shift-Dir - straight line, f - yak
Aim: a yak (87% to hit)
You feel a surge of power!
The stone arrow hits the yak!!
The yak is severely wounded.
The yak completely misses you.
Unknown command.
Casting: Stone Arrow (safe; 1% risk of failure)
Confirm with . or Enter, or press ? or * to list all spells.
Aiming: Stone Arrow (safe; 1% risk of failure)
Press: ? - help, Shift-Dir - straight line, f/p - yak
Aim: a yak (severely wounded, 87% to hit)
You feel a surge of power!
The stone arrow hits the yak!!
You kill the yak!
Vehumet accepts your kill.
The centaur wields a +0 shortbow.
The centaur shoots an arrow.
The arrow hits you.
* * * LOW HITPOINT WARNING * * *
The centaur shoots an arrow.
The arrow hits you!
You die...

.#..##............###
###.##.###....###...####
.#.....# ##...###..#.#.##
.......# ##...#........#
......).............(...##
#####################'...#
....... .........##.#..###
...########.....##...#....##
.((.†..†.#....##@...##.....##
.#.######..#.#....###.......#
...........÷†...##.##......##
###..######c####...#.....###
.......#.§§...[...##.....##
####.##.#.....#.###.......###
........#.#.#.# ##.........#
#####...^.#.#... #..........#
..†.†..c#######.##.........##


You could see a centaur.

Vanquished Creatures
  Gastronok (D:11)
  Fannar (D:10)
  An ogre mage (D:10)
  A hydra (D:11)
  Erica (D:8)
  4 two-headed ogres (D:10)
  Urug (D:11)
  An orc knight (D:11)
  A manticore (D:11)
  2 cyclopes (D:11)
  An unseen horror (D:11)
  7 trolls
  2 hornets
  Prince Ribbit (D:8)
  Grinder (D:6)
  2 shadows
  A vampire (D:11)
  A wyvern (D:10)
  13 yaks
  A basilisk (D:11)
  2 acid dragons (D:11)
  Edmund (D:5)
  A water moccasin (D:5)
  5 orc warriors
  2 black bears (D:5)
  2 ogres
  3 centaurs
  A phantom (D:7)
  2 necrophages
  A kobold brigand (D:10)
  5 bullfrogs
  A scorpion (D:5)
  A gnoll sergeant (D:7)
  16 wights
  14 killer bees
  2 howler monkeys
  9 orc priests
  A jelly (D:5)
  4 hounds
  4 gnoll boudas
  2 iguanas
  Natasha (D:2)
  7 orc wizards
  Robin (D:2)
  8 adders
  37 gnolls
  A shadow imp (D:7)
  3 worms (D:4)
  4 dart slugs
  93 orcs
  7 endoplasms
  4 giant cockroaches
  6 hobgoblins
  23 jackals
  15 kobolds
  6 quokkas
  4 ball pythons
  8 bats
  4 frilled lizards
  13 goblins
  4 rats
372 creatures vanquished.

Vanquished Creatures (others)
  A plant (D:4)
1 creature vanquished.

Grand Total: 373 creatures vanquished

Notes
Turn   | Place    | Note
-------+----------+-------------------------------------------
     0 | D:1      | Radix the Deep Elf Earth Elementalist began the quest for
                  | the Orb.
     0 | D:1      | Reached XP level 1. HP: 10/10 MP: 6/6
    64 | D:1      | Reached XP level 2. HP: 6/15 MP: 1/8
   454 | D:1      | Reached XP level 3. HP: 19/19 MP: 5/10
  1018 | D:2      | Noticed Natasha
  1018 | D:2      | Noticed Robin
  1037 | D:2      | Killed Natasha
  1038 | D:2      | Reached skill level 1 in Conjurations
  1038 | D:2      | Reached XP level 4. HP: 10/24 MP: 6/12
  1213 | D:2      | Found Fumifaim's Assorted Antiques.
  1250 | D:2      | Found Fumash's Weapon Emporium.
  1357 | D:2      | Found Kesuilen's Distillery.
  1362 | D:2      | Bought a potion of heal wounds for 60 gold pieces
  1485 | D:2      | Killed Robin
  1880 | D:2      | Learned a level 3 spell: Stone Arrow
  1883 | D:2      | Learned a level 2 spell: Passwall
  2007 | D:3      | Identified the +10 mace of Heruuklo {flame, rCorr Stlth+}
  2020 | D:3      | Reached skill level 5 in Spellcasting
  2064 | D:3      | Found a glowing golden altar of the Shining One.
  2064 | D:3      | Found a snail-covered altar of Cheibriados.
  2087 | D:3      | Reached skill level 2 in Conjurations
  2087 | D:3      | Reached XP level 5. HP: 23/28 MP: 10/14
  2155 | D:3      | Found a faded altar of an unknown god.
  2334 | D:3      | Reached skill level 5 in Earth Magic
  3251 | D:4      | Reached XP level 6. HP: 32/32 MP: 14/16
  3289 | D:4      | Reached skill level 3 in Conjurations
  3587 | D:4      | Reached skill level 4 in Conjurations
  3587 | D:4      | Reached XP level 7. HP: 34/36 MP: 10/18
  4547 | D:5      | Entered Level 5 of the Dungeon
  4584 | D:5      | Reached skill level 5 in Conjurations
  4588 | D:5      | Reached XP level 8. HP: 32/41 MP: 7/21
  4797 | D:5      | Noticed Edmund
  4805 | D:5      | Killed Edmund
  4936 | D:5      | Reached skill level 6 in Conjurations
  5273 | D:5      | Identified the +7 rapier of Evil {flame, rElec rF- rCorr}
  5489 | D:6      | Reached XP level 9. HP: 45/45 MP: 21/24
  5523 | D:6      | Reached skill level 7 in Conjurations
  5533 | D:6      | Found a staircase to the Ecumenical Temple.
  5534 | D:6      | Noticed Grinder
  5536 | D:6      | Paralysed by Grinder for 5 turns
  5547 | D:6      | Killed Grinder
  5564 | Temple   | Entered the Ecumenical Temple
  6288 | D:7      | Learned a level 5 spell: Freezing Cloud
  6306 | D:7      | Reached skill level 10 in Spellcasting
  6435 | D:7      | Found Sonun's Assorted Antiques.
  6442 | D:7      | Bought a pair of runed gloves for 187 gold pieces
  6615 | D:7      | Reached skill level 1 in Ice Magic
  7266 | D:7      | Reached skill level 8 in Conjurations
  7728 | D:8      | Found a runed translucent door.
  7728 | D:8      | Noticed Radix's ghost (novice MiFi)
  7728 | D:8      | Noticed a fire dragon
  7765 | D:8      | Reached skill level 1 in Fighting
  7767 | D:8      | Found a radiant altar of Vehumet.
  7773 | D:8      | Noticed Erica
  7781 | D:8      | Killed Erica
  7782 | D:8      | Reached skill level 9 in Conjurations
  7782 | D:8      | Reached XP level 10. HP: 29/53 MP: 11/26
  7876 | D:8      | Noticed Prince Ribbit
  7880 | D:8      | Killed Prince Ribbit
  7881 | D:8      | Reached skill level 5 in Ice Magic
  7954 | D:8      | Became a worshipper of Vehumet
  8259 | D:8      | You fall into a shaft and drop 3 floors!
  8513 | D:11     | Noticed a two-headed ogre
  8514 | D:11     | Noticed Urug
  8526 | D:10     | Entered Level 10 of the Dungeon
  8530 | D:10     | Killed a two-headed ogre
  8531 | D:10     | Reached skill level 10 in Conjurations
  8554 | D:10     | Found a staircase to the Orcish Mines.
  8557 | D:10     | Noticed Fannar
  8815 | D:9      | Found a runed translucent door.
  8817 | D:9      | Noticed a manticore
  8821 | D:9      | Noticed a black mamba
  8821 | D:9      | a tarantella changed into a black mamba
  8879 | D:9      | Reached * piety under Vehumet
  8879 | D:9      | Offered knowledge of Shock by Vehumet.
  9862 | D:10     | Noticed a two-headed ogre
  9863 | D:10     | Reached XP level 11. HP: 61/62 MP: 15/27
  9868 | D:10     | Killed a two-headed ogre
  9870 | D:10     | Reached skill level 5 in Fighting
 10417 | D:10     | Killed Fannar
 10418 | D:10     | Reached skill level 11 in Conjurations
 10610 | D:10     | Found Salir's Changing Room.
 10636 | D:10     | Bought a book of Changes for 252 gold pieces
 10704 | D:10     | Offered knowledge of Foxfire by Vehumet.
 10707 | D:10     | Reached ** piety under Vehumet
 10777 | D:10     | Noticed an ogre mage
 10777 | D:10     | Noticed a two-headed ogre
 10778 | D:10     | Noticed a two-headed ogre
 10809 | D:10     | Killed an ogre mage
 10817 | D:10     | Killed a two-headed ogre
 10820 | D:10     | Killed a two-headed ogre
 11007 | D:10     | Found a hide-covered altar of Uskayaw.
 11500 | D:11     | Noticed Gastronok
 11503 | D:11     | Found a staircase to the Lair.
 11521 | D:11     | Killed Gastronok
 11903 | D:11     | Killed Urug
 12139 | D:11     | Noticed a five-headed hydra
 12144 | D:11     | Killed a five-headed hydra
 12145 | D:11     | Reached skill level 12 in Conjurations
 12145 | D:11     | Reached XP level 12. HP: 56/71 MP: 11/29
 12304 | D:11     | Offered knowledge of Static Discharge by Vehumet.
 12321 | D:11     | Identified the ring of Qetic {Fly rC+ rN++ Dex+3 Stlth-}
 12328 | D:11     | Shot with an arrow by a centaur

Illustrated notes

Levels and vault maps discovered:
D:1:      lemuel_arrival_lava_pool, layout_rooms
D:2:      layout_loops_cross, serial_shops, shop, nicolae_shop_trees,
          nicolae_shop_bloodbath_and_beyond, uniq_natasha, uniq_robin
D:3:      layout_basic, nicolae_overflow_squiral,
          dreamdust_ecumenical_altar_hidden_monk_grotto, serial_glass,
          glass_columns_b, glass_columns_a, glass_columns_b, glass_columns_c,
          glass_columns_c, glass_columns_a, glass_columns_a, glass_columns_c,
          feat_on_display, feat_on_display, feat_on_display
D:4:      lemuel_castle_with_subvaults [lemuel_castle_interior_carwin_3],
          layout_rooms, kennysheep_generic_room_12
D:5:      layout_cave_pools, uniq_edmund
D:6:      layout_basic, minmay_temple_entry_junction_2, uniq_grinder
D:7:      layout_loops_corners, serial_shops, kennysheep_little_box
D:8:      lemuel_ice_spiral_2, layout_basic, nicolae_overflow_hidden_temple,
          ebering_ghost_inner_flame, uniq_prince_ribbit1, uniq_erica
D:9:      layout_roguey, wad_hexagon
D:10:     nicolae_cairo_tiling_large_dashed, layout_rooms,
          nicolae_uskayaw_dance_studio, hiddenorc2_lemuel,
          nicolae_transmutations_shop, minmay_misc_feat_diagonals,
          grunt_tough_drop, uniq_fannar
D:11:     minmay_the_grid_triangle_9x9_recursive_3_mashed
          [minmay_the_grid_triangle_9x9_longest,
          minmay_the_grid_triangle_9x9_cache,
          minmay_the_grid_triangle_9x9_thin_v,
          minmay_the_grid_triangle_9x9_prize_special,
          minmay_the_grid_triangle_9x9_alien,
          minmay_the_grid_triangle_9x9_impossible_snake,
          minmay_the_grid_triangle_9x9_steps,
          minmay_the_grid_triangle_9x9_sprig,
          minmay_the_grid_triangle_9x9_odd_lines], layout_cave_pools,
          lair_entry_dummy, uniq_gastronok, uniq_urug
Temple:   regret_index_temple_chain_breaker

Skill      XL: |  1  2  3  4  5  6  7  8  9 10 11 |
---------------+----------------------------------+-----
Spellcasting   | 4 5 6 7 9 10 11 | 11.4
Earth Magic    | 4 5 6 8 9 |  9.9
Conjurations   | 1 2 4 5 6 9 10 12 | 12.2
Ice Magic      | 4 7 9 |  9.8
Fighting       | 2 4 6 |  6.9
Dodging        | |  2.4
Stealth        | |  2.4
Transmutations | |  1.1

Action                   |  1- 3 |  4- 6 |  7- 9 | 10-12 || total
-------------------------+-------+-------+-------+-------++-------
Melee: Dagger            |    12 |     6 |       |       ||    18
       Mace              |       |    10 |    24 |     7 ||    41
       Rapier            |       |       |    10 |    14 ||    24
 Cast: Sandblast         |    45 |   106 |   173 |   111 ||   435
       Stone Arrow       |       |       |    27 |    94 ||   121
       Freezing Cloud    |       |       |       |    15 ||    15
       Passwall          |       |       |       |     3 ||     3
  Use: Scroll            |       |     4 |    19 |     3 ||    26
       Potion            |       |       |     1 |     5 ||     6
 Stab: Sleeping          |     1 |     1 |       |       ||     2
Armor: Robe              |     3 |       |    38 |    26 ||    67
       Leather armour    |     5 |    15 |       |       ||    20
Dodge: Dodged            |    22 |    23 |    83 |    61 ||   189
